 Dungeon Crawl Stone Soup version 0.17-a0-1479-g4041c36 (webtiles) character file.

13756 pulse the Protected (level 12, 0/153 HPs)
             Began as a Formicid Berserker on July 3, 2015.
             Was a High Priest of Trog.
             Slain by a minotaur
             ... wielding a +0 eveningstar
              (15 damage)
             ... in a labyrinth.
             The game lasted 00:31:20 (14956 turns).

pulse the Protected (Formicid Berserker)           Turns: 14956, Time: 00:31:20

Health: 0/153      AC: 31    Str: 30    XL:     12   Next: 36%
Magic:  0/21       EV:  2    Int:  6    God:    Trog [*****.]
Gold:   400        SH: 12    Dex: 11    Spells: 0 memorised, 11 levels left

rFire  . . .     SeeInvis .     p - +6 flail (protect)
rCold  . . .     Clarity  .     (armour currently unavailable)
rNeg   + + +     SustAt   .     s - +1 shield
rPois  +         Gourm    .     (helmet unavailable)
rElec  .         Spirit   +     (cloak currently unavailable)
rCorr  .         Warding  .     (gloves currently unavailable)
rMut   .         Stasis   +     (boots currently unavailable)
MR     +++..                    d - amulet of guardian spirit
Stlth  +.........               t - +3 ring of strength
                                f - ring of magical power

@: tree-form, regenerating, extremely resistant to hostile enchantments, very
unstealthy
A: permanent stasis, dig shafts and tunnels, four strong arms, (antennae 0)
a: Burn Spellbooks, Trog's Hand, Brothers in Arms, Renounce Religion


You were in a labyrinth.
You worshipped Trog.
Trog was extremely pleased with you.
You were hungry.
You were a tree.
You visited 1 branch of the dungeon, and saw 11 of its levels.
You also visited: Labyrinth.

You collected 820 gold pieces.
You spent 420 gold pieces at shops.

Inventory:

Hand weapons
 a - a +0 hand axe
 p - a +6 flail of protection (weapon)
Armour
 i - a +0 cloak
 k - a +0 pair of boots (melded)
 l - a +0 plate armour (melded)
 s - a +1 shield (worn)
 y - a +0 steam dragon armour
 G - a +2 cloak of magic resistance (melded)
Jewellery
 d - an amulet of guardian spirit (around neck)
 f - a ring of magical power (left branch)
 j - an uncursed ring of poison resistance
 t - a +3 ring of strength (right branch)
 H - an uncursed ring of magical power
Magical devices
 u - a wand of slowing (18)
 v - a wand of draining (1)
 w - a wand of lightning (1)
 z - a wand of fire (2)
 F - a wand of digging (11)
Scrolls
 e - 4 scrolls of remove curse
 g - 2 scrolls of magic mapping
 m - 3 scrolls of fog
 o - 9 scrolls of teleportation
 x - 8 scrolls of identify
 A - a scroll of summoning
Potions
 b - a potion of lignification
 n - 2 potions of resistance
 q - 3 potions of brilliance
Comestibles
 c - 6 bread rations
 h - 4 meat rations
 C - a slice of pizza
 D - 9 royal jellies


   Skills:
 + Level 12.0 Fighting
 * Level 10.5 Axes
 + Level 12.3 Armour
 - Level 1.7 Dodging
 + Level 5.6 Shields
 + Level 1.0 Evocations


You had 11 spell levels left.
You didn't know any spells.

Dungeon Overview and Level Annotations

Branches:
Dungeon (13/15)            Temple (0/1) D:7          Vaults (0/5) D:13
   Lair: D:8-11         Orc: D:9-12

Altars:
Dithmenos
Elyvilon
Nemelex Xobeh
Ru
Sif Muna
Vehumet
Yredelemnul
Zin
The Shining One

Shops:
D:5 =


Innate Abilities, Weirdness & Mutations

You are under a permanent stasis effect.
You can dig through walls and to a lower floor.
Your four strong arms can wield two-handed weapons with a shield.
((You have a pair of large antennae on your head (SInv).))


Message History

The minotaur is heavily wounded.
You block the minotaur's attack. The minotaur gores you!
* * * LOW HITPOINT WARNING * * *
You hit the minotaur but do no damage.
The minotaur is heavily wounded.
The minotaur hits you but does no damage.
The minotaur gores you but does no damage.
Drink which item? (? for menu, Esc to quit)
Okay, then.
You hit the minotaur.
The minotaur is heavily wounded.
The minotaur hits you but does no damage.
The minotaur gores you but does no damage.
You hit the minotaur.
The minotaur is heavily wounded.
Use which ability? (? or * to list)
Your ogre goes berserk!
You feel somewhat more hungry.
The minotaur hits you with an eveningstar!
You die...

. .. #
#.##### .
#.# ..# #
#.###O# . #
#.H♣# #
#.#.#.###
#.#
.#.....# #
.##... ...#
..... #'##
.#
##.#..#8.8#
.# . #...#
.. # #..#
.8# #.# # .
#= ÷# .#


You could see a minotaur and a friendly ogre (berserk).

Vanquished Creatures
  A vault guard (D:13)
  A hydra (D:9)
  A catoblepas (D:13)
  A tengu warrior (D:8)
  Pikel (D:7)
  An ugly thing (D:7)
  A hill giant (D:13)
  A cyclops (D:9)
  5 gargoyles (Lab)
  2 trolls
  2 two-headed ogres (D:8)
  Grinder (D:6)
  Prince Ribbit (D:7)
  A minotaur skeleton (Lab)
  A deep elf mage (D:9)
  A wyvern (D:9)
  The ghost of vatarom the Sneak, an average NaEn (D:3)
  A yak (D:9)
  A hippogriff (D:9)
  Edmund (D:4)
  3 water moccasins
  5 orc warriors
  An ice beast (D:6)
  A wasp (D:7)
  5 sky beasts
  A slave (D:7)
  A phantom (D:7)
  7 ogres
  5 centaurs
  A gnoll sergeant (D:9)
  4 giant frogs
  A scorpion (D:5)
  6 killer bees
  7 wights (D:9)
  5 crimson imps
  An electric eel (D:10)
  A centaur zombie (D:7)
  A giant frog zombie (D:9)
  5 jellies (D:9)
  Crazy Yiuf (D:7)
  9 orc priests
  9 hounds
  2 giant frog skeletons
  7 worker ants
  6 iguanas
  8 orc wizards
  A killer bee zombie (D:9)
  A hound zombie (D:5)
  3 worker ant zombies
  14 adders
  6 oozes
  An adder zombie (D:5)
  5 worms
  6 giant geckos
  19 orcs
  4 ball pythons
  19 bats
  3 bat skeletons
  9 hobgoblins
  5 jackals
  13 kobolds
  3 quokkas
  4 giant cockroaches
  A giant gecko zombie (D:8)
  3 giant newts
  13 goblins
  14 rats
  2 fungi (D:7)
278 creatures vanquished.

Vanquished Creatures (others)
  Joseph (D:7)
  A centaur skeleton (D:13)
  2 slaves (D:7)
  A hobgoblin (D:7)
5 creatures vanquished.

Grand Total: 283 creatures vanquished

Notes
Turn   | Place    | Note
--------------------------------------------------------------
     0 | D:1      | pulse the Formicid Berserker began the quest for the Orb.
     0 | D:1      | Reached XP level 1. HP: 18/18 MP: 1/1
   192 | D:1      | Reached XP level 2. HP: 17/24 MP: 2/2
   796 | D:1      | Acquired Trog's second power
   973 | D:2      | Reached XP level 3. HP: 27/29 MP: 3/3
  1356 | D:2      | Reached skill level 4 in Fighting
  1631 | D:2      | Reached XP level 4. HP: 34/37 MP: 4/4
  1864 | D:3      | Noticed vatarom's ghost (average NaEn)
  1895 | D:3      | Killed vatarom's ghost
  1895 | D:3      | Reached XP level 5. HP: 20/43 MP: 5/5
  1895 | D:3      | Reached XP level 6. HP: 23/50 MP: 6/6
  2089 | D:3      | Reached skill level 5 in Axes
  2466 | D:3      | Found a radiant altar of Vehumet.
  2466 | D:3      | Found a sparkling altar of Nemelex Xobeh.
  3045 | D:4      | Found a sacrificial altar of Ru.
  3455 | D:4      | Found a basalt altar of Yredelemnul.
  3519 | D:4      | Found a glowing silver altar of Zin.
  3756 | D:5      | Entered Level 5 of the Dungeon
  3768 | D:5      | Reached skill level 5 in Fighting
  3768 | D:5      | Reached XP level 7. HP: 36/56 MP: 7/7
  3780 | D:5      | Noticed Edmund
  3913 | D:4      | Killed Edmund
  3913 | D:4      | Reached skill level 6 in Axes
  4362 | D:5      | Reached XP level 8. HP: 25/63 MP: 8/8
  4613 | D:5      | Found Irhaass's Jewellery Boutique.
  4950 | D:5      | Reached skill level 5 in Armour
  5192 | D:5      | Reached skill level 7 in Axes
  5922 | D:6      | Gained mutation: You are partially covered in large bone plates (AC +2, SH +2). [potion of beneficial mutation]
  5992 | D:6      | Acquired Trog's third power
  6282 | D:6      | Reached XP level 9. HP: 63/71 MP: 9/9
  6346 | D:6      | Noticed Grinder
  6371 | D:6      | Killed Grinder
  6715 | D:6      | Reached skill level 8 in Axes
  6785 | D:7      | Noticed Pikel
  6786 | D:7      | Noticed Joseph
  6815 | D:7      | Killed Pikel
  6821 | D:7      | Killed Joseph
  7109 | D:7      | Found a shadowy altar of Dithmenos.
  7206 | D:7      | Reached skill level 9 in Fighting
  7206 | D:7      | Reached XP level 10. HP: 62/83 MP: 10/10
  7647 | D:7      | Noticed Prince Ribbit
  7705 | D:7      | Killed Prince Ribbit
  8029 | D:7      | Found a staircase to the Ecumenical Temple.
  8258 | D:7      | Noticed Crazy Yiuf
  8264 | D:7      | Killed Crazy Yiuf
  8398 | D:7      | Reached skill level 10 in Fighting
  8708 | D:8      | Noticed a cyan ugly thing
  8741 | D:7      | Killed a cyan ugly thing
 10486 | D:5      | Bought an uncursed amulet of guardian spirit for 420 gold pieces
 10815 | D:9      | Reached XP level 11. HP: 92/92 MP: 11/11
 10931 | D:9      | Reached skill level 10 in Armour
 10941 | D:9      | Found a glowing golden altar of the Shining One.
 11468 | D:9      | Noticed a tengu warrior
 11525 | D:8      | Killed a tengu warrior
 11525 | D:8      | Reached skill level 11 in Fighting
 12067 | D:9      | Noticed an eight-headed hydra
 12078 | D:9      | Killed an eight-headed hydra
 12078 | D:9      | Reached skill level 1 in Shields
 12174 | D:9      | Received a gift from Trog
 12441 | D:9      | Found a glowing golden altar of the Shining One.
 12442 | D:9      | Noticed a cyclops
 12458 | D:9      | Lost mutation: You are partially covered in large bone plates (AC +2, SH +2). [potion of cure mutation]
 12460 | D:9      | Killed a cyclops
 12460 | D:9      | Reached skill level 10 in Axes
 12785 | D:9      | Found a white marble altar of Elyvilon.
 12801 | D:9      | Found a deep blue altar of Sif Muna.
 13086 | D:10     | Entered Level 10 of the Dungeon
 13134 | D:9      | Received a gift from Trog
 13363 | D:10     | You fall through a shaft for 3 floors!
 13367 | D:13     | Noticed a hill giant
 13369 | D:13     | Noticed a catoblepas
 13376 | D:13     | Killed a hill giant
 13389 | D:13     | Killed a catoblepas
 13389 | D:13     | Reached XP level 12. HP: 76/101 MP: 12/12
 13436 | D:13     | Found a gate to the Vaults.
 13436 | D:13     | Noticed a cyclops
 13436 | D:13     | Noticed a vault guard
 13436 | D:13     | Noticed a catoblepas
 13436 | D:13     | Noticed a vault guard
 13436 | D:13     | Noticed a vault guard
 13436 | D:13     | Noticed a vault guard
 13458 | D:13     | Killed a vault guard
 13458 | D:13     | Reached skill level 12 in Armour
 13508 | D:13     | Found a labyrinth entrance.
 13517 | Lab      | Entered a labyrinth
 13709 | Lab      | Reached skill level 5 in Shields
 13994 | Lab      | Reached skill level 1 in Evocations
 14926 | Lab      | Noticed a minotaur
 14956 | Lab      | Slain by a minotaur

Vault maps used:
D:1:      saegor_arrival_simple_f, minmay_misc_feat_hallway
D:3:      gammafunk_temple_overflow_statue
D:4:      yredelemnul_altar_generic, zin_statuary, lemuel_round_altar
D:5:      serial_shops, nicolae_shop_crystal, first_bread, uniq_edmund
D:6:      uniq_grinder
D:7:      grunt_dithmenos_smoke_and_mirrors, temple_hall, uniq_joseph,
          uniq_crazy_yiuf_cottage, uniq_pikel, uniq_prince_ribbit1
D:9:      hangedman_cross_cluster, lemuel_coloured_pillars_altar,
          hangedman_little_slice_of_home, hangedman_feature_mirror
D:10:     serial_shops, shop, fountainhead, hangedman_incinerator
D:13:     lightli_vaults_fourway_checkpoint, lab_entry_generic
Lab:      nicolae_lab_dead_adventurers, nicolae_lab_hexagon,
          nicolae_lab_grate_2, nicolae_lab_do_over, nicolae_lab_garden,
          nicolae_lab_arrow

Action                   |  1- 3 |  4- 6 |  7- 9 | 10-12 || total
-------------------------+-------+-------+-------+-------++-------
Melee: Hand axe          |   112 |   150 |    34 |       ||   296
       Flail             |       |       |   256 |   655 ||   911
Invok: Burn Spellbooks   |       |       |       |     2 ||     2
       Brothers in Arms  |       |       |       |     2 ||     2
       Trog's Hand       |       |       |       |     1 ||     1
Evoke: Wand              |       |       |       |    13 ||    13
  Use: Scroll            |       |     3 |     3 |    11 ||    17
       Potion            |       |       |     4 |    15 ||    19
 Stab: Sleeping          |     2 |       |       |       ||     2
       Invisible         |       |       |     4 |       ||     4
       Petrified         |       |       |       |     1 ||     1
  Eat: Chunk             |     2 |     7 |     8 |     9 ||    26
       Beef jerky        |       |       |     1 |     2 ||     3
       Pizza             |       |       |     1 |       ||     1
       Meat ration       |       |       |       |     1 ||     1
       Bread ration      |       |       |       |     1 ||     1
       Fruit             |       |       |       |     3 ||     3
       Royal jelly       |       |       |       |     1 ||     1
